 Dungeon Crawl Stone Soup version 0.30-a0-897-ga2f19c967e (webtiles) character file.

Game seed: 968145089417046425

11045 Aequonox the Fighter (level 11, -3/113 HPs)
             Began as an Ogre Fire Elementalist on Mar 17, 2023.
             Was a Believer of Vehumet.
             Shot with an arrow by a centaur (4 damage)
             ... led by a centaur warrior
             ... on level 13 of the Dungeon on Mar 18, 2023.
             The game lasted 01:12:36 (16676 turns).

Aequonox the Fighter (Ogre Fire Elementalist)      Turns: 16676, Time: 01:12:36

Health: -3/113     AC:  8    Str: 24    XL:     11   Next: 71%
Magic:  20/20      EV: 16    Int: 19    God:    Vehumet [**....]
Gold:   523        SH:  0    Dex: 11    Spells: 13/25 levels left

rFire   + . .      SeeInvis .    L - +5 hand axe "Cylegaeha" {flame, rElec rF+ rC- Dex+3}
rCold   x . .      Faith    .    (no shield)
rNeg    . . .      Spirit   .    F - +0 steam dragon scales
rPois   .          Reflect  .    C - +1 hat
rElec   +          Rampage  .    g - +0 cloak
rCorr   .                        (gloves unavailable)
Will    +....                    (boots unavailable)
Stlth   ++                       (no amulet)
HPRegen 0.38/turn                j - +6 ring of strength
MPRegen 0.17/turn                N - +5 ring of evasion

@: no status effects
A: large, unfitting armour, tough skin 1, claws 1, low MP 1, strong 1, wild
magic 1
a: Renounce Religion


You were on level 13 of the Dungeon.
You worshipped Vehumet.
Vehumet was pleased with you.
You visited 2 branches of the dungeon, and saw 14 of its levels.

You collected 796 gold pieces.
You spent 273 gold pieces at shops.

Inventory:

Hand Weapons
 f - a +2 sling of freezing
 u - a +4 quarterstaff of chaos
 L - the +5 hand axe "Cylegaeha" (weapon) {flame, rElec rF+ rC- Dex+3}
   (You found it on level 8 of the Dungeon)

   Dex:       It affects your dexterity (+3).
   rF:        It protects you from fire.
   rC:        It makes you vulnerable to cold.
   rElec:     It insulates you from electricity.
 O - a +0 flail
Missiles
 m - 5 atropa-tipped darts
 I - 14 large rocks
Armour
 g - a +0 cloak (worn)
 A - a +0 robe of positive energy
 C - a +1 hat (worn)
 F - +0 steam dragon scales (worn)
Magical Staves
 J - a staff of poison
Jewellery
 j - a +6 ring of strength (left claw)
 w - a ring of wizardry
 z - a ring of resist corrosion
 D - a +5 ring of evasion
 E - a ring of see invisible
 M - a ring of poison resistance
 N - a +5 ring of evasion (right claw)
Wands
 y - a wand of charming (2)
 B - a wand of mindburst (6)
 H - a wand of roots (4)
 R - a wand of flame (6)
Scrolls
 a - 4 scrolls of magic mapping
 c - 6 scrolls of teleportation
 d - 6 scrolls of fog
 e - 4 scrolls of identify
 i - 4 scrolls of torment
 k - a scroll of blinking {unknown}
 o - 3 scrolls of brand weapon {unknown}
 t - 2 scrolls of vulnerability
 v - a scroll of poison {unknown}
Potions
 b - 2 potions of magic
 h - a potion of flight
 n - a potion of degeneration {unknown}
 p - 6 potions of curing
 q - a potion of cancellation (quivered) {unknown}
 r - 2 potions of brilliance
 s - a potion of ambrosia {unknown}
 x - 2 potions of invisibility {unknown}
 G - 2 potions of lignification
 K - a potion of mutation
Miscellaneous
 Q - a phial of floods (inert)


   Skills:
 + Level 8.4 Fighting
 * Level 4.3 Axes
 - Level 4.8 Staves
 - Level 1.2 Ranged Weapons
 - Level 3.5 Armour
 + Level 6.2 Dodging
 - Level 1.6 Stealth
 + Level 7.5 Spellcasting
 - Level 4.0 Conjurations
 + Level 1.9 Hexes
 * Level 1.2 Necromancy
 - Level 3.3 Translocations
 + Level 4.8 Transmutations
 - Level 4.9 Fire Magic
 + Level 5.5 Air Magic


You had 13 spell levels left.
You knew the following spells:

 Your Spells              Type           Power      Damage    Failure   Level
a - Foxfire               Conj/Fire      100%       2x1d9     3%          1
b - Scorch                Fire           66%        2d8       3%          2
c - Swiftness             Air            36%        N/A       5%          3
d - Beastly Appendage     Tmut           66%        N/A       2%          1
e - Wereblood             Tmut           33%        N/A       3%          2
f - Ignite Poison         Fire/Tmut/Pois 25%        N/A       12%         3

Your spell library contained the following spells:

 Spells                   Type           Power      Damage    Failure   Level
 Shock                    Conj/Air       100%       1d9       2%          1
 Kindle Blastsparks       Fire/Tloc/Air  64%        2d15      7%          3
 Passwall                 Tmut/Erth      17%        N/A       9%          2
 Inner Flame              Hex/Fire       26%        N/A       11%         3
 Sandblast                Erth           18%        2d7       14%         1
 Airstrike                Air            18%        2d(3-19)  14%         4
 Spider Form              Tmut/Pois      21%        N/A       16%         3
 Stone Arrow              Conj/Erth      38%        3d9       19%         3
 Tukima's Dance           Hex            18%        N/A       19%         3
 Flame Wave               Conj/Fire      31%        2d9       22%         4
 Passage of Golubria      Tloc           25%        N/A       32%         4
 Animate Dead             Necr           15%        N/A       58%         4
 Yara's Violent Unravell  Hex/Tmut       13%        3d7       63%         5
 Borgnjor's Vile Clutch   Necr/Erth      6%         N/A       95%         5
 Death Channel            Necr           7%         N/A       100%        6


Dungeon Overview and Level Annotations

Branches:
Dungeon (13/15)            Temple (1/1) D:5            Lair (0/5) D:11
    Orc: D:9-12      Vaults: D:13-14

Altars:
Ashenzari
Cheibriados
Dithmenos
Elyvilon
Fedhas
Gozag
Hepliaklqana
Kikubaaqudgha
Makhleb
Nemelex Xobeh
Okawaru
Qazlal
Ru
Sif Muna
Trog
Uskayaw
Vehumet
Wu Jian
Xom
Yredelemnul
Zin
The Shining One

Shops:
D:2 (   D:5 [!*[   D:9 ?

Annotations:
D:2 Sigmund
D:4 3 runed translucent doors, MrShunz's ghost, amateur VSBr


Innate Abilities, Weirdness & Mutations

You are too large for most types of armour.
You have tough skin. (AC +1)
You have sharp fingernails.
Your magical capacity is low. (-10% MP)
Your muscles are strong. (Str +4, Int/Dex -1)
Your spells are a little harder to cast, but a little more powerful.


Message History

Orders for allies: a - Attack new target. r - Retreat! s - Stop attacking. g - Guard the area. f - Follow me.
Anything else - Cancel.
Okay, then.
A centaur comes into view.
The centaur shouts!
The centaur wields a +0 shortbow.
The centaur shoots an arrow.
The arrow hits you.
* * * LOW HITPOINT WARNING * * *
The centaur warrior wields a +0 shortbow.
The centaur warrior shoots an arrow.
The arrow completely misses you.
The centaur wields a +0 shortbow.
The centaur shoots an arrow.
The arrow barely misses you.
The centaur shoots an arrow.
The arrow hits you.
* * * LOW HITPOINT WARNING * * *
The centaur warrior shoots an arrow.
The arrow barely misses you.
The centaur shoots an arrow.
The arrow hits you.
* * * LOW HITPOINT WARNING * * *
You see here 16 gold pieces.
As you read the scroll of fear, it crumbles to dust.
You assume a fearsome visage.
The centaur warrior looks frightened!
The centaur looks frightened! x2
You no longer feel sluggish.
The centaur is no longer charmed.
The centaur shoots an arrow.
The arrow completely misses you.
The centaur shoots an arrow.
The arrow hits you.
* * * LOW HITPOINT WARNING * * *
The centaur shoots an arrow.
The arrow barely misses you.
Aiming: Charm
Press: ? - help, Shift-Dir - straight line, f/p - centaur
Aim: a centaur, wielding a +0 shortbow (chance to affect: 49%)
The centaur resists with some effort.
The centaur shoots an arrow.
The arrow hits you.
* * * LOW HITPOINT WARNING * * *
Aiming: Charm
Press: ? - help, Shift-Dir - straight line, f/p - centaur
Aim: a centaur, wielding a +0 shortbow (chance to affect: 49%)
The centaur resists with some effort.
The centaur shoots an arrow.
The arrow hits you.
You die...

#....#
#....#
#....+
#....#
#....#######
#...........
#.c.........
#.##########
#@# #.# #..
####


You could see a centaur.

Vanquished Creatures
  4 two-headed ogres
  Pikel (D:6)
  3 cyclopes
  A manticore (D:12)
  A kobold demonologist (D:12)
  A rime drake (shapeshifter) (D:8)
  2 trolls (D:11)
  A wraith (D:10)
  2 wyverns
  9 yaks
  2 vampire mosquitoes (D:10)
  2 steam dragons (D:8)
  An acid dragon (D:9)
  3 orc warriors
  3 ice beasts
  A sky beast (D:8)
  2 centaurs
  4 ogres
  A phantom (D:7)
  A kobold brigand (D:8)
  2 gnoll sergeants
  4 bullfrogs
  5 scorpions
  5 wights
  4 killer bees
  A gnoll bouda (D:7)
  4 orc priests
  Crazy Yiuf (D:4)
  3 jellies
  Jessica (D:2)
  8 iguanas
  A sleepcap (D:6)
  6 orc wizards
  2 hell rats
  Robin (D:4)
  16 gnolls
  5 adders
  2 river rats (D:11)
  3 white imps
  2 ufetubi
  A worm (D:5)
  28 orcs
  6 bats
  7 endoplasms
  2 giant cockroaches
  18 goblins
  9 hobgoblins
  6 kobolds
  4 quokkas
  6 ball pythons
  4 frilled lizards
  9 rats
221 creatures vanquished.

Vanquished Creatures (collateral kills)
  A gnoll (D:6)
1 creature vanquished.

Vanquished Creatures (others)
  A bullfrog (D:8)
  An orc wizard (D:6)
  47 foxfires
  A fungus (D:4)
  59 plants
109 creatures vanquished.

Grand Total: 331 creatures vanquished

Notes
Turn   | Place    | Note
-------+----------+-------------------------------------------
     0 | D:1      | Aequonox the Ogre Fire Elementalist began the quest for the
                  | Orb.
     0 | D:1      | Reached XP level 1. HP: 16/16 MP: 3/3
    48 | D:1      | Reached skill level 1 in Conjurations
   213 | D:1      | Reached XP level 2. HP: 24/24 MP: 5/5
   892 | D:2      | Reached skill level 1 in Fighting
   892 | D:2      | Reached XP level 3. HP: 33/33 MP: 7/7
   915 | D:2      | Found Usorgh's Weapon Emporium.
   949 | D:2      | Reached XP level 4. HP: 31/41 MP: 8/8
  1261 | D:2      | Noticed Sigmund
  1353 | D:2      | Noticed Jessica
  1356 | D:2      | Killed Jessica
  1357 | D:2      | Reached skill level 1 in Ranged Weapons
  1429 | D:2      | Reached XP level 5. HP: 49/49 MP: 9/9
  2870 | D:4      | Noticed Robin
  2968 | D:4      | Killed Robin
  3319 | D:4      | Found a snail-covered altar of Cheibriados.
  3327 | D:4      | Found a bloodstained altar of Trog.
  3412 | D:3      | Learned a level 2 spell: Scorch
  3719 | D:4      | Found a runed translucent gate.
  3719 | D:4      | Found a runed translucent gate.
  3719 | D:4      | Found a runed translucent gate.
  3719 | D:4      | Noticed MrShunz's ghost (amateur VSBr)
  3722 | D:4      | Noticed a kobold brigand
  3740 | D:4      | Reached skill level 2 in Fighting
  3740 | D:4      | Reached XP level 6. HP: 44/57 MP: 1/11
  4547 | D:4      | Reached skill level 1 in Translocations
  4615 | D:4      | Found a runed translucent door.
  4616 | D:4      | Noticed Crazy Yiuf
  4918 | D:4      | Killed Crazy Yiuf
  5147 | D:5      | Entered Level 5 of the Dungeon
  5159 | D:5      | Found a staircase to the Ecumenical Temple.
  5173 | Temple   | Entered the Ecumenical Temple
  5244 | Temple   | Became a worshipper of Vehumet
  5366 | D:5      | Reached skill level 1 in Air Magic
  5542 | D:5      | Noticed an ice beast
  5601 | D:5      | Killed an ice beast
  5602 | D:5      | Reached skill level 3 in Fighting
  5602 | D:5      | Reached skill level 1 in Staves
  5602 | D:5      | Reached XP level 7. HP: 55/67 MP: 1/12
  5799 | D:5      | Found Xieqehap's Distillery.
  5800 | D:5      | Found Rausapey's Antique Armour Emporium.
  5801 | D:5      | Found Ilonn's Antique Armour Emporium.
  5808 | D:5      | Found Luxit's General Store.
  6565 | D:6      | Noticed Pikel
  6751 | D:6      | Reached XP level 8. HP: 78/78 MP: 7/14
  7136 | D:6      | Reached skill level 4 in Fighting
  7396 | D:6      | Identified the +1 helmet "Vupigh" {MP+9 Stlth+}
  7553 | D:6      | Noticed a two-headed ogre
  7596 | D:6      | Reached skill level 1 in Transmutations
  7613 | D:6      | Reached * piety under Vehumet
  7613 | D:6      | Offered knowledge of Freeze by Vehumet.
  7825 | D:5      | Bought a hat for 96 gold pieces
  7828 | D:5      | Bought a scroll of enchant armour for 97 gold pieces
  7834 | D:5      | Bought a potion of curing for 36 gold pieces
  7843 | D:5      | Gained mutation: You have very sharp teeth. [potion of
                  | mutation]
  7843 | D:5      | Gained mutation: You passively dampen the noise of your
                  | surroundings. [potion of mutation]
  7843 | D:5      | Gained mutation: You have hidden genetic defects. [potion
                  | of mutation]
  7844 | D:5      | Lost mutation: You passively dampen the noise of your
                  | surroundings. [potion of mutation]
  7844 | D:5      | Lost mutation: You have very sharp teeth. [potion of
                  | mutation]
  7844 | D:5      | Lost mutation: You have hidden genetic defects. [potion of
                  | mutation]
  7844 | D:5      | Gained mutation: Your muscles are strong. (Str +4, Int/Dex
                  | -1) [potion of mutation]
  7844 | D:5      | Gained mutation: You have sharp fingernails. [potion of
                  | mutation]
  7844 | D:5      | Gained mutation: Your magical capacity is low. (-10% MP)
                  | [potion of mutation]
  7844 | D:5      | Gained mutation: Your spells are a little harder to cast,
                  | but a little more powerful. [potion of mutation]
  8053 | D:6      | Killed a two-headed ogre
  8054 | D:6      | Reached skill level 5 in Fighting
  8054 | D:6      | Reached skill level 5 in Spellcasting
  8054 | D:6      | Reached XP level 9. HP: 88/88 MP: 7/14
  8227 | D:6      | Killed Pikel
  8642 | D:7      | Learned a level 3 spell: Swiftness
  8874 | D:7      | Noticed a two-headed ogre
  9156 | D:7      | Learned a level 1 spell: Beastly Appendage
  9159 | D:7      | Learned a level 2 spell: Wereblood
  9233 | D:7      | Reached skill level 1 in Armour
  9339 | D:7      | Killed a two-headed ogre
  9340 | D:7      | Reached skill level 6 in Fighting
  9340 | D:7      | Reached XP level 10. HP: 36/100 MP: 2/17
  9709 | D:7      | Reached skill level 5 in Dodging
 10073 | D:7      | Offered knowledge of Static Discharge by Vehumet.
 10499 | D:8      | Reached ** piety under Vehumet
 11177 | D:8      | Noticed a cyclops
 11191 | D:8      | Killed a cyclops
 11192 | D:8      | Reached skill level 7 in Fighting
 11371 | D:8      | Found a hazy altar of Hepliaklqana.
 11545 | D:8      | Identified the +5 hand axe "Cylegaeha" {flame, rElec rF+
                  | rC- Dex+3}
 12158 | D:9      | Noticed a cyclops
 12166 | D:9      | Killed a cyclops
 12167 | D:9      | Reached skill level 1 in Axes
 12437 | D:9      | Reached XP level 11. HP: 39/109 MP: 16/19
 12648 | D:9      | Reached skill level 5 in Air Magic
 12652 | D:9      | Offered knowledge of Ignite Poison by Vehumet.
 12892 | D:9      | Found Kuep's Magic Scroll Emporium.
 12900 | D:9      | Bought a scroll of fear for 44 gold pieces
 13200 | D:9      | Found a blossoming altar of Fedhas.
 13205 | D:9      | Found a glowing silver altar of Zin.
 13317 | D:9      | Learned a level 3 spell: Ignite Poison
 13345 | D:10     | Entered Level 10 of the Dungeon
 13430 | D:10     | Noticed a two-headed ogre
 13443 | D:10     | Killed a two-headed ogre
 13766 | D:10     | Noticed a two-headed ogre
 13774 | D:10     | Killed a two-headed ogre
 13775 | D:10     | Reached skill level 8 in Fighting
 13775 | D:10     | Reached skill level 1 in Hexes
 14682 | D:12     | Noticed a manticore
 15080 | D:11     | Noticed a cyclops
 15112 | D:11     | Found a staircase to the Lair.
 15112 | D:11     | Noticed a death yak
 15112 | D:11     | Noticed a death yak
 15112 | D:11     | Noticed a death yak
 15225 | D:11     | Upgraded the game from 0.30-a0-883-g5ad918d77d to
                  | 0.30-a0-897-ga2f19c967e
 15412 | D:11     | Killed a cyclops
 15526 | D:11     | Noticed a manticore
 16351 | D:12     | Reached skill level 1 in Necromancy
 16416 | D:12     | Noticed a manticore
 16434 | D:12     | Killed a manticore
 16640 | D:12     | HP: 3/113 [gargoyle/stone arrow (12)]
 16650 | D:13     | Noticed a centaur warrior
 16659 | D:13     | HP: 5/113 [centaur/arrow[a centaur warrior] (3)]
 16675 | D:13     | HP: 1/113 [centaur/arrow[a centaur warrior] (6)]
 16676 | D:13     | Shot with an arrow by a centaur

Illustrated notes

Levels and vault maps discovered:
D:1:      evilmike_arrival_rings, layout_basic
D:2:      layout_basic, serial_shops, shop_fountains, uniq_sigmund, uniq_jessica
D:3:      layout_basic
D:4:      layout_basic, mainiacjoe_overflow_catch_the_wave,
          gammafunk_ghost_nasty_kobolds, hex_intersection,
          minmay_close_crescents, uniq_crazy_yiuf_cottage, uniq_robin
D:5:      layout_cave_pools, minmay_temple_entry_purple_smoke,
          minmay_shop_grid_forest, chequers_serial_rivers_micro_a, st_stairs_14
D:6:      layout_basic, serial_glass, glass_columns_a, glass_columns_c,
          feat_on_display, grunt_decor_one_mirror, minmay_misc_feat_tower,
          st_stairs_11, uniq_pikel
D:7:      layout_basic, grunt_ministairs_10
D:8:      layout_rooms, nicolae_hepliaklqana_hippocampus, hex_medium,
          minmay_shattered_shrine
D:9:      layout_basic, mainiacjoe_overflow_big_doors, serial_shops,
          nicolae_shop_stone
D:10:     layout_loops_cross
D:11:     layout_basic, dpeg_lair_monsters, kennysheep_boxes
D:12:     layout_long_grid, david_orc_2, eino_small_chamber_without_monster,
          trog_butcher_becter
D:13:     layout_stronghold, lightli_vaults_fourway_checkpoint, serial_shops,
          nicolae_shop_statue_plus
Temple:   sentei_temple_godly_chess

Skill      XL: |  1  2  3  4  5  6  7  8  9 10 11 |
---------------+----------------------------------+-----
Conjurations   | 1 2 3 4 |  4.0
Dodging        | 2 3 4 5 6 |  6.2
Fighting       | 1 2 3 5 6 7 8 |  8.4
Fire Magic     | 3 4 |  4.9
Spellcasting   | 3 4 5 6 7 |  7.5
Ranged Weapons | 1 |  1.2
Translocations | 1 2 3 |  3.3
Air Magic      | 1 2 3 4 5 |  5.5
Staves         | 1 3 4 |  4.8
Transmutations | 2 3 4 |  4.8
Armour         | 1 3 |  3.5
Axes           | 2 4 |  4.3
Hexes          | 1 |  1.9
Necromancy     | 1 |  1.2
Stealth        | |  1.6

Action                     |  1- 3 |  4- 6 |  7- 9 | 10-12 || total
---------------------------+-------+-------+-------+-------++-------
  Melee: Quarterstaff      |       |       |    12 |    34 ||    46
         Kick              |       |       |     4 |    51 ||    55
         Headbutt          |       |       |     3 |    30 ||    33
         Hand axe          |       |       |       |   148 ||   148
   Fire: Sling             |    51 |   148 |    86 |       ||   285
   Cast: Foxfire           |    13 |     4 |       |    15 ||    32
         Scorch            |       |    40 |   112 |   134 ||   286
         Beastly Appendage |       |       |     1 |    16 ||    17
         Wereblood         |       |       |     1 |    13 ||    14
         Swiftness         |       |       |       |    12 ||    12
  Evoke: Wand              |       |       |     1 |     6 ||     7
         Phial of floods   |       |       |       |     1 ||     1
    Use: Scroll            |       |     3 |     7 |     8 ||    18
         Potion            |       |       |     5 |     6 ||    11
 Armour: Robe              |    16 |    31 |     9 |     4 ||    60
         Steam dragon scal |       |       |       |    65 ||    65
  Dodge: Dodged            |    17 |    60 |    33 |   162 ||   272

Table legend: (Time is in decaauts)
 A = Elapsed time spent in this place.
 B = Non-inter-level travel time spent in this place.
 C = Inter-level travel time spent in this place.
 D = Time resting spent in this place.
 E = Time spent auto-exploring this place.
 F = Levels seen in this place.
 G = Mean time per level.
                   A        B        C        D        E       F      G
               +--------+--------+--------+--------+--------+-----+--------+
         Total |  16808 |  15907 |    901 |   4365 |   8250 |  14 | 1200.6 |
       Dungeon |  16729 |  15828 |    901 |   4365 |   8198 |  13 | 1286.8 |
        Temple |     79 |     79 |      0 |      0 |     52 |   1 |   79.0 |
               +--------+--------+--------+--------+--------+-----+--------+

Top non-repeatable levels by time:
     D:4: 2188 daAuts
     D:7: 2155 daAuts
    D:11: 1773 daAuts
     D:6: 1697 daAuts
     D:8: 1516 daAuts
     D:5: 1459 daAuts
     D:3: 1457 daAuts
     D:9: 1215 daAuts
    D:10: 1066 daAuts
     D:2: 883 daAuts
     D:1: 807 daAuts
    D:12: 477 daAuts
  Temple: 79 daAuts
    D:13: 31 daAuts
